 Dungeon Crawl Stone Soup version 0.30.1-11-g7821555f0a (webtiles) character file.

Game seed: 12064875175988794427

10525 xXxYeetmaster69xXx the Grappler (level 11, -9/117 HPs)
             Began as a Demonspawn Berserker on Dec 7, 2023.
             Was a High Priest of Trog.
             Mangled by a komodo dragon (12 damage)
             ... on level 1 of the Lair of Beasts.
             The game lasted 00:39:27 (9027 turns).

xXxYeetmaster69xXx the Grappler (DsBe)              Turns: 9027, Time: 00:39:29

Health: -9/117     AC: 25    Str: 22    XL:     11   Next: 37%
Magic:  11/11      EV:  7    Int:  8    God:    Trog [*****.]
Gold:   679        SH:  7    Dex: 13    Spells: 10/10 levels left

rFire   + .          .
                       - Unarmed
rCold   . . .        F - +0 kite shield
rNeg    . . .        i - +0 plate armour
rPois   .            q - +0 helmet
rElec   .            (no cloak)
rCorr   .            o - +1 pair of gloves
SInv    .            (no boots)
Will    .....        (no amulet) Stlth
                     e - ring of protection from fire
HPRegen 0.39/turn    h - +4 ring of protection
MPRegen 0.12/turn

%: no passive effects
@: berserking, lethally poisoned (-9 -> -24), very quick
A: slimy green scales 2, powered by pain 1, spiny 2, demonic touch 2
a: Renounce Religion, Berserk, Trog's Hand, Brothers in Arms


You were on level 1 of the Lair of Beasts.
You worshipped Trog.
Trog was extremely pleased with you.
You visited 2 branches of the dungeon, and saw 11 of its levels.
You also visited: Sewer.

You collected 679 gold pieces.

Inventory:

Armour
 i - a +0 plate armour (worn)
 o - a +1 pair of gloves (worn)
 q - a +0 helmet (worn)
 F - a +0 kite shield (worn)
Jewellery
 e - a ring of protection from fire (left hand)
 h - a +4 ring of protection (right hand)
 w - a ring of fire
 y - a ring of willpower
Wands
 C - a wand of mindburst (5)
Scrolls
 a - 3 scrolls of poison {unknown}
 c - 7 scrolls of teleportation
 d - 2 scrolls of enchant armour {unknown}
 g - 3 scrolls of blinking
 j - 3 scrolls of immolation
 m - 5 scrolls of vulnerability
 r - 7 scrolls of identify {unknown}
 s - a scroll of fear {unknown}
 v - 3 scrolls of magic mapping {unknown}
 A - a scroll of enchant weapon {unknown}
 D - a scroll of torment {unknown}
Potions
 b - 4 potions of mutation {unknown}
 f - 5 potions of heal wounds {unknown}
 k - 7 potions of flight
 n - a potion of might {unknown}
 p - 3 potions of brilliance {unknown}
 t - 2 potions of berserk rage {unknown}
 u - a potion of invisibility {unknown}
 x - 2 potions of degeneration {unknown}
 z - 5 potions of haste {unknown}
 B - a potion of resistance


   Skills:
 + Level 4.9 Fighting
 + Level 3.3 Long Blades
 + Level 9.3 Armour
 + Level 4.0 Dodging
 + Level 1.4 Stealth
 + Level 0.3 Shields
 + Level 12.5 Unarmed Combat


You had 10 spell levels left.
You didn't know any spells.
Your spell library was empty.

Dungeon Overview and Level Annotations

Branches:
Dungeon (10/15)            Temple (0/1) D:7            Lair (1/5) D:10
  Sewer (visited)
    Orc: D:9-12

Altars:
Ashenzari
Cheibriados
Fedhas
Gozag
Hepliaklqana
Kikubaaqudgha
Makhleb
Nemelex Xobeh
Okawaru
Sif Muna
Vehumet
Wu Jian
Yredelemnul

Shops:
D:4 *[*=   D:8 =


Innate Abilities, Weirdness & Mutations

You are mostly covered in slimy green scales. (AC +3)
You sometimes gain a little power by taking damage.
You are mostly covered in sharp spines.
Your touch may inflict irresistible damage on your foes.


Message History

The cane toad stings you but does no damage.
You barely miss the cane toad.
The cane toad is almost dead.
You feel very sick. You block the cane toad's attack.
You feel better.
The komodo dragon bites you but does no damage.
The cane toad stings you but does no damage.
A red film seems to cover your vision as you go berserk!
You feel yourself moving faster!
You feel mighty! The cane toad barely misses you.
The komodo dragon is struck by your spines.
The komodo dragon bites you!
* * * LOW HITPOINT WARNING * * *
You closely miss the cane toad.
The cane toad is almost dead.
The cane toad stings you.
* * * LOW HITPOINT WARNING * * *
You block the komodo dragon's attack.
You barely miss the cane toad.
The cane toad is almost dead.
The cane toad stings you.
* * * LOW HITPOINT WARNING * * *
You are lethally poisoned!
The cane toad poisons you! The komodo dragon closely misses you.
You hit the cane toad but do no damage.
The cane toad is almost dead.
* * * LOW HITPOINT WARNING * * *
You feel very sick. The cane toad stings you!
* * * LOW HITPOINT WARNING * * *
You are too berserk!
You pummel the cane toad!!
You kill the cane toad!
Trog accepts your kill.
* * * LOW HITPOINT WARNING * * *
You feel very sick.
The komodo dragon is struck by your spines.
The komodo dragon bites you!
You die...

#....###⌠....††..>..⌠..
##...#.................
#.....###...#.#.....#.
#...#.# #...#.###.###.
#....## ##....# ### ..
#...## ##...# .. #...#
#.... .#
#...#######.#..
#....@†...:..
#.....l......
#.............
##............
#............
#............
P..##.#.####. ##.#
#####


You could see a komodo dragon.

Vanquished Creatures
  2 two-headed ogres (D:9)
  A torpor snail (Lair:1)
  A cane toad (Lair:1)
  Psyche (D:8)
  A komodo dragon (Lair:1)
  2 rime drakes (Lair:1)
  A troll (D:10)
  2 wyverns
  24 yaks
  A steam dragon (D:7)
  An acid dragon (D:10)
  4 water moccasins
  2 ice beasts
  2 sky beasts
  An orc warrior (D:9)
  2 ogres (D:5)
  2 centaurs
  A phantom (D:4)
  5 bullfrogs
  A kobold brigand (D:9)
  3 scorpions
  A gnoll sergeant (D:9)
  12 wights
  6 killer bees (D:8)
  A howler monkey (D:8)
  A crimson imp (D:4)
  6 hounds
  2 jellies
  2 orc priests
  3 iguanas
  7 orc wizards
  2 sleepcaps
  12 gnolls
  11 adders
  5 river rats (Sewer)
  A white imp (D:4)
  3 worms (D:2)
  2 dart slugs
  16 orcs
  4 endoplasms
  2 giant cockroaches
  8 goblins
  8 hobgoblins
  6 jackals
  10 kobolds
  2 quokkas (D:1)
  18 ball pythons
  5 bats
  6 frilled lizards
  29 rats
251 creatures vanquished.

Notes
Turn   | Place    | Note
-------+----------+-------------------------------------------
     0 | D:1      | xXxYeetmaster69xXx the Demonspawn Berserker began the quest
                  | for the Orb.
     0 | D:1      | Reached XP level 1. HP: 18/18 MP: 1/1
   207 | D:1      | Gained mutation: Your touch may inflict minor irresistible
                  | damage on your foes. [demonic ancestry]
   207 | D:1      | Reached XP level 2. HP: 24/24 MP: 2/2
   385 | D:1      | Found a faded altar of an unknown god.
   777 | D:2      | Reached XP level 3. HP: 29/29 MP: 3/3
   855 | D:2      | Reached ** piety under Trog
  1088 | D:2      | Reached skill level 1 in Unarmed Combat
  1223 | D:2      | Reached XP level 4. HP: 35/35 MP: 4/4
  1973 | D:3      | Reached skill level 2 in Unarmed Combat
  2017 | D:3      | Found a blossoming altar of Fedhas.
  2114 | D:3      | Found a burning altar of Makhleb.
  2114 | D:3      | Found a broken altar of Ashenzari.
  2114 | D:3      | Found an opulent altar of Gozag.
  2404 | D:4      | Found Jagrowu's Antique Armour Emporium.
  2427 | D:4      | Found Voaruow's General Store.
  2432 | D:4      | Gained mutation: You sometimes gain a little power by
                  | taking damage. [demonic ancestry]
  2432 | D:4      | Reached XP level 5. HP: 11/41 MP: 5/5
  2567 | D:4      | Reached skill level 3 in Unarmed Combat
  2594 | D:4      | Noticed a phantom
  2597 | D:4      | Found a basalt altar of Yredelemnul.
  2605 | D:4      | Killed a phantom
  2606 | D:4      | Gained mutation: You are partially covered in sharp spines.
                  | [demonic ancestry]
  2606 | D:4      | Reached XP level 6. HP: 42/48 MP: 6/6
  2797 | D:4      | Found Cyfufan's General Store.
  2972 | D:4      | Found a sparkling altar of Nemelex Xobeh.
  3011 | D:4      | Found a snail-covered altar of Cheibriados.
  3052 | D:4      | Found Qicigesch's Jewellery Emporium.
  3211 | D:5      | Entered Level 5 of the Dungeon
  3217 | D:5      | Reached skill level 4 in Unarmed Combat
  3320 | D:5      | Found an iron altar of Okawaru.
  3328 | D:5      | Gained mutation: You are partially covered in slimy green
                  | scales. (AC +2) [demonic ancestry]
  3328 | D:5      | Reached XP level 7. HP: 52/53 MP: 7/7
  3386 | D:5      | Found a glowing drain.
  3449 | D:5      | Reached skill level 1 in Stealth
  3449 | D:5      | Reached skill level 5 in Unarmed Combat
  3546 | D:5      | Found a hazy altar of Hepliaklqana.
  3641 | Sewer    | Entered a sewer
  3663 | Sewer    | Reached *** piety under Trog
  3798 | Sewer    | Gained mutation: Your touch may inflict irresistible damage
                  | on your foes. [demonic ancestry]
  3798 | Sewer    | Reached XP level 8. HP: 60/60 MP: 8/8
  3834 | Sewer    | Reached **** piety under Trog
  3841 | Sewer    | Reached skill level 6 in Unarmed Combat
  4188 | D:6      | Reached skill level 7 in Unarmed Combat
  4323 | D:6      | Found an ornate altar of the Wu Jian Council.
  4559 | D:6      | Reached skill level 5 in Armour
  4761 | D:7      | Reached skill level 8 in Unarmed Combat
  4761 | D:7      | Gained mutation: You are mostly covered in slimy green
                  | scales. (AC +3) [demonic ancestry]
  4761 | D:7      | Reached XP level 9. HP: 66/66 MP: 9/9
  4843 | D:7      | Found a staircase to the Ecumenical Temple.
  5218 | D:8      | Found Asouts's Jewellery Boutique.
  5258 | D:8      | Reached skill level 9 in Unarmed Combat
  5987 | D:8      | Found a large runed translucent door.
  5988 | D:8      | Found a large runed translucent door.
  5996 | D:8      | Found a radiant altar of Vehumet.
  6004 | D:8      | Found a shimmering blue altar of Sif Muna.
  6204 | D:8      | Noticed Psyche
  6216 | D:8      | Killed Psyche
  6216 | D:8      | Reached ***** piety under Trog
  6401 | D:9      | Reached skill level 10 in Unarmed Combat
  6401 | D:9      | Reached XP level 10. HP: 72/73 MP: 10/10
  6786 | D:9      | Noticed a two-headed ogre
  6797 | D:9      | Killed a two-headed ogre
  6894 | D:9      | Noticed a two-headed ogre
  6901 | D:9      | Killed a two-headed ogre
  6902 | D:9      | Reached skill level 11 in Unarmed Combat
  7135 | D:9      | Found an ancient bone altar of Kikubaaqudgha.
  7824 | D:10     | Entered Level 10 of the Dungeon
  7929 | D:10     | Received a gift from Trog
  8057 | D:10     | Found a staircase to the Lair.
  8280 | D:10     | Gained mutation: You are mostly covered in sharp spines.
                  | [demonic ancestry]
  8280 | D:10     | Reached XP level 11. HP: 78/78 MP: 11/11
  8521 | Lair:1   | Entered Level 1 of the Lair of Beasts
  8764 | Lair:1   | Reached skill level 12 in Unarmed Combat
  9027 | Lair:1   | HP: 3/117 [poisoned by a cane toad]
  9027 | Lair:1   | Mangled by a komodo dragon

Illustrated notes

Levels and vault maps discovered:
D:1:      dpeg_arrival_more_subterranean_lakeside_camping, layout_loops_ring,
          dreamdust_ecumenical_altar_grove,
          hangedman_abyss_or_decor_lesser_grid, minmay_misc_feat_plants,
          supply_closet_lemuel
D:2:      layout_basic, serial_forest, infiniplex_forest_clump_cross,
          infiniplex_forest_straight_2, infiniplex_forest_zigzag_1,
          infiniplex_forest_end_1, infiniplex_forest_clump_double,
          infiniplex_forest_side_room, infiniplex_forest_lined_room_,
          infiniplex_forest_clump_double, infiniplex_forest_diagonal,
          infiniplex_forest_lined_room_, minmay_split_cup_small
D:3:      layout_rooms, gammafunk_temple_overflow_claw, fedhas_ov_isle_minmay,
          serial_bayou_pond_d
D:4:      layout_basic, mainiacjoe_overflow_concentric_impassable,
          nemelex_altar_shiori, mainiacjoe_overflow_small_starburst,
          serial_shops, nicolae_shop_trees, kennysheep_mini, shop, shop,
          minmay_fire_ice_demons
D:5:      layout_rooms, kennysheep_mini_moat, nicolae_hepliaklqana_hazy_memory,
          cheibrodos_sewer_entry_drain
D:6:      layout_loops_ring, old_standard_altar
D:7:      layout_basic, minmay_temple_entry_wispy
D:8:      layout_gridville, jmf_multi_god_temple2, nicolae_stop_n_shop_2,
          kennysheep_small_spiral, roderic_serpentine_path,
          kennysheep_generic_room_6, uniq_psyche
D:9:      layout_roguey, mainiacjoe_overflow_chevrons,
          mainiacjoe_overflow_catwalk, serial_aquarium,
          aquarium_bridge_long_joined [aquarium_subvault_window,
          aquarium_subvault_wall, aquarium_subvault_window,
          aquarium_subvault_bridge, aquarium_subvault_wall,
          aquarium_subvault_window], aquarium_window_fake,
          aquarium_window_corridor_2, aquarium_window_2, aquarium_window_fake,
          aquarium_view_2e, aquarium_balcony_double_1, aquarium_pool_2,
          hangedman_decor_points
D:10:     layout_loops_ring, lair_entry_dummy, kennysheep_generic_room_9
Lair:1:   layout_regular_city, grunt_megastairs_5, wad_woods_river_01,
          infiniplex_staircase_pool, serial_bayou_shore_b, serial_bayou_shore_b

Skill      XL: |  1  2  3  4  5  6  7  8  9 10 11 |
---------------+----------------------------------+-----
Dodging        | 2 3 4 |  4.0
Long Blades    | 3 |  3.3
Unarmed Combat | 1 2 3 4 5 8 10 11 12 | 12.5
Armour         | 2 3 4 5 6 8 9 |  9.3
Fighting       | 4 |  4.9
Stealth        | 1 |  1.4
Shields        | |  0.3

Action                     |  1- 3 |  4- 6 |  7- 9 | 10-12 || total
---------------------------+-------+-------+-------+-------++-------
  Melee: Falchion          |    19 |       |       |       ||    19
         Punch             |     2 |     1 |    10 |     5 ||    18
         Unarmed           |   127 |   141 |   235 |   195 ||   698
         Touch             |    24 |    29 |    41 |    22 ||   116
 Invoke: Berserk           |     1 |     2 |     2 |     7 ||    12
         Trog's Hand       |       |     2 |       |       ||     2
    Use: Potion            |     1 |     3 |     1 |     1 ||     6
         Scroll            |       |     5 |       |       ||     5
   Stab: Sleeping          |     1 |       |       |       ||     1
 Armour: Animal skin       |    33 |       |       |       ||    33
         Plate armour      |     2 |    96 |   173 |    97 ||   368
         Skin              |       |    15 |       |       ||    15
  Dodge: Dodged            |   100 |    49 |    94 |    37 ||   280
  Block: Kite shield       |       |       |       |    27 ||    27
